 Dungeon Crawl Stone Soup version 0.20-a0-795-ga03948b (webtiles) character file.

6294 Gorglomux the Firebug (level 10, 0/76 HPs)
             Began as a Demonspawn Wizard on Mar 1, 2017.
             Was a Believer of Sif Muna.
             Shot with an arrow by a centaur warrior (8 damage)
             ... on level 9 of the Dungeon.
             The game lasted 00:38:52 (13529 turns).

Gorglomux the Firebug (Demonspawn Wizard)          Turns: 13529, Time: 00:38:53

Health: 0/76       AC: 11    Str:  7    XL:     10   Next: 63%
Magic:  1/19       EV: 14    Int: 24    God:    Sif Muna [**....]
Gold:   478        SH:  0    Dex: 11    Spells: 0/21 levels left

rFire    . . .     SeeInvis .   a - +0 spear
rCold    . . .     Gourm    .   v - +0 troll leather armour
rNeg     . . .     Faith    .   (no shield)
rPois    .         Spirit   .   Q - +1 hat
rElec    .         Reflect  .   g - +2 cloak
rCorr    .         Harm     .   (no gloves)
MR       .....                  (no boots)
Stlth    +.........             R - amulet of rage
Regen    0.7/turn               l - ring of wizardry
MPRegen  0.2/turn               z - +2 ring of evasion

@: divine energy
A: hooves 1, yellow scales 2, demonic guardian 1, spiny 2
a: Stop Divine Energy, Renounce Religion, Evoke Berserk Rage


You were on level 9 of the Dungeon.
You worshipped Sif Muna.
Sif Muna was pleased with you.
You were hungry.

You visited 2 branches of the dungeon, and saw 10 of its levels.

You collected 478 gold pieces.

Inventory:

Hand Weapons
 a - a +0 spear (weapon)
 b - a +0 shortbow
 j - a +0 club
Missiles
 O - 107 arrows
Armour
 g - a +2 cloak (worn)
 n - a scarf of cold resistance
 p - a +0 robe
 v - a +0 troll leather armour (worn)
 A - a scarf of cold resistance
 Q - a +1 hat (worn)
Magical Staves
 S - an uncursed staff of energy
Jewellery
 l - a ring of wizardry (right hand)
 q - a +3 ring of strength
 x - an uncursed ring of stealth
 z - a +2 ring of evasion (left hand)
 C - an uncursed ring of ice
 G - an uncursed ring of loudness
 R - an amulet of rage (around neck)
 Y - a +2 ring of dexterity
Scrolls
 e - 6 scrolls of recharging
 w - 6 scrolls of remove curse
 y - a scroll of noise {unknown}
 E - a scroll of blinking {unknown}
 H - 3 scrolls of immolation {unknown}
 M - 2 scrolls of magic mapping
 N - a scroll of fog {unknown}
 T - 7 scrolls of teleportation
 W - 2 scrolls of fear
 X - a scroll of amnesia {unknown}
Potions
 k - 2 potions of heal wounds
 o - 2 potions of berserk rage
 r - 3 potions of might
 s - 4 potions of curing
 u - a potion of invisibility
 F - 2 potions of brilliance
 K - 2 potions of magic
 L - 2 potions of ambrosia {unknown}
 P - 2 potions of haste
 V - a potion of lignification {unknown}
 Z - a potion of resistance {unknown}
Books
 c - a book of Minor Magic

   Spells                             Type                      Level
   a - Magic Dart                     Conjuration                  1
   b - Blink                          Translocation                2
   c - Call Imp                       Summoning                    2
   d - Slow                           Hexes                        2
   e - Conjure Flame                  Conjuration/Fire             3
   f - Mephitic Cloud                 Conjuration/Poison/Air       3
 B - a Necronomicon

   Spells                             Type                      Level
   a - Haunt                          Necromancy/Summoning         7
   b - Borgnjor's Revivification      Necromancy                   8
   c - Death's Door                   Charms/Necromancy            8
   d - Infestation                    Necromancy                   8
   e - Necromutation                  Transmutation/Necromancy     8
 D - a book of Flames

   Spells                             Type                      Level
   a - Flame Tongue                   Conjuration/Fire             1
   b - Throw Flame                    Conjuration/Fire             2
   c - Conjure Flame                  Conjuration/Fire             3
   d - Inner Flame                    Hexes/Fire                   3
   e - Sticky Flame                   Conjuration/Fire             4
   f - Fireball                       Conjuration/Fire             5
 I - a book of Debilitation

   Spells                             Type                      Level
   a - Corona                         Hexes                        1
   b - Slow                           Hexes                        2
   c - Inner Flame                    Hexes/Fire                   3
   d - Portal Projectile              Hexes/Translocation          3
   e - Cause Fear                     Hexes                        4
   f - Leda's Liquefaction            Hexes/Earth                  4
 J - a book of Cantrips

   Spells                             Type                      Level
   a - Confusing Touch                Hexes                        1
   b - Animate Skeleton               Necromancy                   1
   c - Summon Small Mammal            Summoning                    1
   d - Apportation                    Translocation                1
Comestibles
 d - 5 bread rations
 f - 2 royal jellies
 i - 10 fruits
 U - 5 meat rations


   Skills:
 - Level 6.0 Fighting
 - Level 4.2 Polearms
 - Level 2.3 Armour
 - Level 3.6 Dodging
 - Level 1.7 Stealth
 - Level 6.0 Spellcasting
 + Level 6.5 Conjurations
 - Level 3.0 Hexes
   Level 1.0 Summonings
 - Level 3.1 Translocations
 - Level 7.2 Fire Magic
 - Level 2.1 Air Magic
 - Level 3.0 Poison Magic


You couldn't memorise any spells.
You knew the following spells:

 Your Spells              Type           Power        Failure   Level  Hunger
a - Magic Dart            Conj           ####         1%          1    None
b - Portal Projectile     Hex/Tloc       ###...       4%          3    #......
c - Fireball              Conj/Fire      #####.....   9%          5    #####..
d - Blink                 Tloc           N/A          2%          2    None
e - Cause Fear            Hex            ###.......   14%         4    ###....
j - Conjure Flame         Conj/Fire      #####...     1%          3    #......
m - Mephitic Cloud        Conj/Pois/Air  ####....     4%          3    #......


Dungeon Overview and Level Annotations

Branches:
Dungeon (9/15)             Temple (1/1) D:7            Lair (0/6) D:8
    Orc: D:9-12

Altars:
Ashenzari
Cheibriados
Elyvilon
Gozag
Kikubaaqudgha
Makhleb
Okawaru
Qazlal
Sif Muna
Trog
Uskayaw
Vehumet
Wu Jian
Xom
Yredelemnul
Zin
The Shining One


Innate Abilities, Weirdness & Mutations

You have large cloven feet.
You are mostly covered in yellow scales. (AC +3)
A weak demonic guardian rushes to your aid.
You are mostly covered in sharp spines.


Message History

The centaur warrior is moderately wounded.
The centaur warrior shoots an arrow.
The arrow hits you!
* * * LOW HITPOINT WARNING * * *
Unknown command.
The centaur warrior shoots an arrow.
The arrow misses you.
You see here an arrow.
Casting: Magic Dart
Confirm with . or Enter, or press ? or * to list all spells.
Aiming: Conjure Flame
Press: ? - help, Dir - move target cursor, p - centaur warrior The fire ignites!
The centaur warrior shoots an arrow.
The arrow hits you.
* * * LOW HITPOINT WARNING * * *
Casting: Conjure Flame
Confirm with . or Enter, or press ? or * to list all spells.
Aiming: Conjure Flame
Press: ? - help, Dir - move target cursor The fire ignites!
The centaur warrior shoots an arrow.
The arrow hits you!
* * * LOW HITPOINT WARNING * * *
The centaur warrior shoots an arrow.
The arrow hits you!
You die...

#....# #..# #.####
##...
#####'####### ##..
#....)......###
######+##
#...........'.#
#........#
#...........#.#
#........#
#...........#.##
#.......c#
#...........#..#
#....<...###
#...........##@##
#........'.#
#...........##..#
#........#.#
#........(..###.#
#........#..
#...........#
#ยง####........###
#...........#
#.c(((c.......#
#############
######....<...#
##########


You could see a centaur warrior.

Vanquished Creatures
  2 two-headed ogres (D:8)
  Pikel (D:6)
  A troll (D:9)
  2 hippogriffs
  A wyvern (D:4)
  The ghost of nht the Spear-Bearer, an amateur MfGl (D:3)
  Menkaure (D:7)
  2 orc warriors (D:6)
  2 sky beasts
  A black bear (D:9)
  A hornet zombie (D:7)
  A phantom (D:7)
  3 ogres
  3 centaurs
  4 bullfrogs
  A wyvern zombie (D:6)
  A scorpion (D:5)
  4 killer bees (D:8)
  A howler monkey (D:4)
  7 crimson imps
  A jelly (D:5)
  2 bullfrog zombies (D:8)
  3 orc priests (D:5)
  A gnoll shaman (D:6)
  3 hounds
  7 orc wizards
  A bullfrog skeleton (D:7)
  4 iguanas
  An iron imp (D:7)
  9 worker ants
  3 hound zombies
  11 gnolls
  8 adders
  2 shadow imps
  3 adder skeletons
  3 worms
  4 dart slugs
  A leopard gecko (D:3)
  20 orcs
  9 bats
  4 giant cockroaches
  6 goblins
  12 hobgoblins
  11 jackals
  6 quokkas
  A frilled lizard (D:2)
  7 kobolds
  A quokka zombie (D:5)
  26 rats
  A spectral orc (D:2)
211 creatures vanquished.

Vanquished Creatures (collateral kills)
  A two-headed ogre (D:8)
  2 slaves (D:6)
  An ogre (D:6)
  A phantom (D:4)
  A centaur (D:5)
  2 killer bees (D:8)
  A crimson imp (D:5)
  A bullfrog zombie (D:6)
  A hound (D:6)
  An orc priest (D:3)
  2 orc wizards
  A shadow imp (D:6)
  An ooze (D:5)
  5 orcs
21 creatures vanquished.

Vanquished Creatures (others)
  2 slaves (D:6)
  A centaur (D:6)
  2 orc wizards (D:6)
5 creatures vanquished.

Grand Total: 237 creatures vanquished

Notes
Turn   | Place    | Note
-------+----------+-------------------------------------------
     0 | D:1      | Gorglomux the Demonspawn Wizard began the quest for the Orb.
     0 | D:1      | Reached XP level 1. HP: 13/13 MP: 4/4
   134 | D:1      | Reached skill level 1 in Fighting
   312 | D:1      | Gained mutation: You are partially covered in yellow scales. (AC +2) [demonic ancestry]
   312 | D:1      | Reached XP level 2. HP: 21/21 MP: 1/6
   941 | D:1      | Gained mutation: A weak demonic guardian rushes to your aid. [demonic ancestry]
   941 | D:1      | Reached XP level 3. HP: 24/27 MP: 5/7
   946 | D:1      | Learned a level 3 spell: Conjure Flame
   950 | D:1      | Learned a level 3 spell: Mephitic Cloud
  1355 | D:2      | Found a basalt altar of Yredelemnul.
  2116 | D:2      | Reached skill level 3 in Conjurations
  2296 | D:3      | Found an ancient bone altar of Kikubaaqudgha.
  2392 | D:2      | Gained mutation: You have large cloven feet. [demonic ancestry]
  2392 | D:2      | Reached XP level 4. HP: 4/33 MP: 1/8
  2702 | D:3      | Found a white marble altar of Elyvilon.
  3024 | D:3      | Noticed nht's ghost (amateur MfGl)
  3043 | D:3      | Reached skill level 1 in Fire Magic
  3083 | D:3      | Killed nht's ghost
  3083 | D:3      | Reached skill level 2 in Fire Magic
  3083 | D:3      | Gained mutation: You are mostly covered in yellow scales. (AC +3) [demonic ancestry]
  3083 | D:3      | Reached XP level 5. HP: 32/38 MP: 0/9
  3168 | D:3      | Reached skill level 1 in Poison Magic
  3846 | D:3      | Reached XP level 6. HP: 44/44 MP: 1/10
  4264 | D:3      | Reached skill level 3 in Poison Magic
  4967 | D:4      | Reached skill level 1 in Polearms
  5114 | D:4      | Noticed a wyvern
  5142 | D:4      | Killed a wyvern
  5142 | D:4      | Gained mutation: You are partially covered in sharp spines. [demonic ancestry]
  5142 | D:4      | Reached XP level 7. HP: 42/51 MP: 0/12
  5345 | D:4      | Reached skill level 3 in Fighting
  5437 | D:4      | Learned a level 2 spell: Blink
  6122 | D:5      | Entered Level 5 of the Dungeon
  6393 | D:5      | Reached skill level 3 in Polearms
  6554 | D:5      | Found a glowing golden altar of the Shining One.
  6719 | D:5      | Reached XP level 8. HP: 36/60 MP: 2/15
  7845 | D:5      | Reached skill level 1 in Armour
  8106 | D:6      | Learned a level 3 spell: Portal Projectile
  8129 | D:6      | Noticed a hippogriff
  8136 | D:6      | Killed a hippogriff
  8136 | D:6      | Reached skill level 3 in Dodging
  8149 | D:6      | Reached skill level 1 in Translocations
  8353 | D:6      | Noticed Pikel
  8437 | D:6      | Killed Pikel
  8437 | D:6      | Reached skill level 1 in Hexes
  8437 | D:6      | Gained mutation: You are mostly covered in sharp spines. [demonic ancestry]
  8437 | D:6      | Reached XP level 9. HP: 67/68 MP: 0/17
  8637 | D:6      | Found a shattered altar of Ashenzari.
  8637 | D:6      | Found an opulent altar of Gozag.
  9456 | D:6      | Reached skill level 6 in Fighting
  9691 | D:7      | Reached skill level 3 in Hexes
  9780 | D:6      | Reached skill level 3 in Translocations
  9991 | D:7      | Noticed Menkaure
 10023 | D:7      | Killed Menkaure
 10154 | D:7      | Reached skill level 3 in Fire Magic
 10790 | D:7      | Reached skill level 4 in Fire Magic
 10840 | D:7      | Found a burning altar of Makhleb.
 11050 | D:7      | Found a snail-covered altar of Cheibriados.
 11090 | D:7      | Found an ornate altar of the Wu Jian Council.
 11090 | D:7      | Found a glowing silver altar of Zin.
 11090 | D:7      | Found a bloodstained altar of Trog.
 11269 | D:7      | Found a staircase to the Ecumenical Temple.
 11398 | Temple   | Entered the Ecumenical Temple
 11452 | Temple   | Became a worshipper of Sif Muna the Loreminder
 11518 | D:8      | Learned a level 5 spell: Fireball
 11552 | D:8      | Noticed a two-headed ogre
 11567 | D:8      | Killed a two-headed ogre
 11567 | D:8      | Reached skill level 5 in Fire Magic
 11652 | D:8      | Found an iron altar of Okawaru.
 11709 | D:8      | Found a shimmering altar of Xom.
 11741 | D:8      | Reached skill level 6 in Fire Magic
 11741 | D:8      | Reached XP level 10. HP: 76/76 MP: 6/18
 11767 | D:8      | Noticed a two-headed ogre
 11804 | D:8      | Killed a two-headed ogre
 11804 | D:8      | Reached * piety under Sif Muna
 11804 | D:8      | Reached skill level 7 in Fire Magic
 12352 | D:8      | Found a staircase to the Lair.
 12412 | D:8      | Reached skill level 6 in Spellcasting
 12752 | D:8      | Learned a level 4 spell: Cause Fear
 12753 | D:9      | Noticed a two-headed ogre
 12785 | D:8      | Killed a two-headed ogre
 13058 | D:9      | Found an opulent altar of Gozag.
 13088 | D:9      | Reached ** piety under Sif Muna
 13247 | D:9      | Reached skill level 6 in Conjurations
 13497 | D:9      | Noticed a centaur warrior
 13529 | D:9      | Shot with an arrow by a centaur warrior

Vault maps used:
D:1:      erik_arrival_orb_chamber, serial_park_tiny_2
D:2:      yredelemnul_forgotten_temple_becter
D:3:      elyvilon_altar_5, lemuel_crystal_altar, first_bread,
          kennysheep_generic_room_2
D:4:      kennysheep_small_circle
D:5:      nicolae_overflow_hidden_temple
D:6:      gammafunk_temple_overflow_elements, uniq_pikel
D:7:      slow_altar_2, lemuel_doored_altar,
          gammafunk_temple_overflow_forgotten, lemuel_temple_firewalk_b,
          uniq_menkaure
D:8:      lemuel_round_altar, lair_entry_dummy, lemuel_statue_altar
D:9:      david_orc_5, blue_anna_alchemist,
          nicolae_gozag_cash_rules_everything_around_me, uniq_maurice
Temple:   nicolae_temple_figure_zero

Skill      XL: |  1  2  3  4  5  6  7  8  9 10 |
---------------+-------------------------------+-----
Fighting       | 1 2 4 5 6 |  6.0
Conjurations   | 3 6 |  6.5
Fire Magic     | 2 6 7 |  7.2
Air Magic      | 2 |  2.1
Poison Magic   | 2 3 |  3.0
Polearms       | 1 3 4 |  4.2
Spellcasting   | 4 5 6 |  6.0
Armour         | 2 |  2.3
Dodging        | 3 |  3.6
Translocations | 2 3 |  3.1
Hexes          | 1 3 |  3.0
Stealth        | |  1.7
Summonings     | |  1.0

Action                   |  1- 3 |  4- 6 |  7- 9 | 10-12 || total
-------------------------+-------+-------+-------+-------++-------
Melee: Club              |     3 |       |       |       ||     3
       Unarmed           |     1 |       |       |       ||     1
       Spear             |    48 |   116 |   148 |    36 ||   348
       Kick              |       |    13 |    11 |       ||    24
 Fire: Shortbow          |       |       |    75 |    31 ||   106
 Cast: Magic Dart        |   111 |   128 |   381 |    66 ||   686
       Conjure Flame     |       |    10 |    26 |    10 ||    46
       Mephitic Cloud    |       |     5 |    17 |     7 ||    29
       Blink             |       |       |     2 |     2 ||     4
       Portal Projectile |       |       |     1 |     2 ||     3
       Fireball          |       |       |       |    10 ||    10
       Cause Fear        |       |       |       |     2 ||     2
Invok: Divine Energy     |       |       |       |     1 ||     1
  Use: Scroll            |     4 |     3 |     4 |     5 ||    16
 Stab: Sleeping          |     1 |       |       |       ||     1
       Distracted        |       |     1 |     1 |       ||     2
  Eat: Chunk             |     4 |    10 |    21 |     9 ||    44
Armor: Robe              |    20 |    26 |    29 |     9 ||    84
Dodge: Dodged            |    29 |    64 |    51 |    14 ||   158
